 Dungeon Sprint DCSS version 0.26-a0-649-gf8c6c3aab7 (webtiles) character file.

Game seed: 17100469919098785960

2669 sahdkjhfkaj the Spry (level 9, -3/34 HPs)
             Began as a Felid Conjurer on Sept 27, 2020.
             Was the Champion of Kikubaaqudgha.
             Slain by a wolf spider (10 damage)
             ... in the Dungeon (Sprint IX: "|||||||||||||||||||||||||||||").
             The game lasted 00:05:17 (1952 turns).

sahdkjhfkaj the Spry (Felid Conjurer)               Turns: 1952, Time: 00:05:19

Health: -3/34      AC:  2    Str:  6    XL:     9   Next: 37%
Magic:  17/28      EV: 33    Int: 23    God:    Kikubaaqudgha [******]
Gold:   0          SH:  0    Dex: 15    Spells: 22/37 levels left
                                        Lives:  0   Deaths: 2

rFire    . . .     SeeInvis +   (weapon unavailable)
rCold    + . .     Faith    .   (shield unavailable)
rNeg     . . .     Spirit   .   (armour unavailable)
rPois    .         Reflect  .   (helmet unavailable)
rElec    .         Harm     .   (cloak unavailable)
rCorr    .         Rampage  .   (gloves unavailable)
MR       +....     NoTele   +   (boots unavailable)
Stlth    +++.......             t - amulet of the acrobat
HPRegen  0.11/turn              j - +3 ring of strength
MPRegen  0.21/turn              s - ring of protection from cold

@: quick
A: very small, no armour, no weapons or thrown items, stealth, claws 1, fangs 3,
see invisible, speed 1, shaggy fur 2, sharp paws
a: Receive Corpses, Torment, Receive Necronomicon, Renounce Religion


You were in the Dungeon.
You worshipped Kikubaaqudgha.
Kikubaaqudgha was exalted by your worship.
You visited 1 branch

Inventory:

Jewellery
 j - a +3 ring of strength (left paw)
 k - a +3 ring of strength
 s - a ring of protection from cold (right paw)
 t - an amulet of the acrobat (around neck)
 u - an uncursed ring of ice
Wands
 i - a wand of iceblast (10)
Scrolls
 f - 5 scrolls of remove curse
 g - 2 scrolls of amnesia
 h - a scroll of blinking
 n - a scroll of identify
 o - a scroll of fear
 p - a scroll of fog
Potions
 a - a potion of invisibility
 b - 6 potions of curing
 c - 7 potions of heal wounds
 d - a potion of haste
 e - 4 potions of magic
 l - a potion of resistance
 m - 3 potions of stabbing
 q - a potion of brilliance
 r - a potion of berserk rage


   Skills:
 + Level 19.7 Dodging
 - Level 2.6 Stealth
 + Level 14.7 Spellcasting
 - Level 10.2 Conjurations
 - Level 8.0 Necromancy


You had 22 spell levels left.
You knew the following spells:

 Your Spells              Type           Power        Failure   Level
a - Magic Dart            Conj           ####         1%          1
b - Searing Ray           Conj           ######       1%          2
c - Vampiric Draining     Necr           ######....   1%          3
d - Borgnjor's Vile Clut  Necr/Erth      #####.....   19%         5
e - Dispel Undead         Necr           ######..     1%          4

Your spell library contained the following spells:

 Spells                   Type           Power        Failure   Level
 Pain                     Necr           ####         1%          1
 Corpse Rot               Necr/Air       N/A          1%          2
 Sublimation of Blood     Necr           ######....   1%          2
 Dazzling Flash           Conj/Hex       #####.       1%          3
 Animate Dead             Necr           ######....   1%          4
 Agony                    Necr           ######..     3%          5
 Fulminant Prism          Conj/Hex       #####.....   4%          4
 Iskenderun's Mystic Bla  Conj/Tloc      #####...     4%          4
 Simulacrum               Ice/Necr       #####.....   71%         6


Dungeon Overview and Level Annotations

Branches:
Dungeon (1/1)

Altars:
Cheibriados
Dithmenos
Elyvilon
Fedhas
Gozag
Hepliaklqana
Kikubaaqudgha
Makhleb
Nemelex Xobeh
Okawaru
Qazlal
Ru
Sif Muna
Trog
Uskayaw
Vehumet
Wu Jian
Xom
Yredelemnul
Zin
The Shining One
Beogh
Jiyva
Lugonu

Shops:
D [


Innate Abilities, Weirdness & Mutations

You cannot wear armour.
You are incapable of wielding weapons or throwing items.
Your paws allow you to move quietly. (Stealth)
You have sharp claws.
You have razor-sharp teeth.
You have supernaturally acute eyesight. (SInv)
You cover ground quickly.
You are covered in thick fur. (AC +2)
Your sharp claws are effective at attacking unaware monsters.


Message History

The jumping spider is almost dead.
The wolf spider completely misses you. The wolf spider barely misses you.
A wolf spider comes into view.
The jumping spider pounces on you!
* * * LOW HITPOINT WARNING * * *
The jumping spider closely misses you.
The wolf spider completely misses you. x2
Unknown command.
You feel much better.
The jumping spider completely misses you. x2
The wolf spider completely misses you. The wolf spider barely misses you.
A tarantella comes into view.
The jumping spider misses you. The jumping spider barely misses you.
You feel much better. The wolf spider hits you.
The wolf spider barely misses you.
The jumping spider leaps! x2
The wolf spider hits you!!
Ouch! That really hurt!
* * * LOW HITPOINT WARNING * * *
The wolf spider bites you!
You die...
Kikubaaqudgha rasps: "You have failed me!
Welcome... death!"

▓.▓.▓
▓.▓.▓
▓.▓.
▓.▓○▓
▓.▓(▓
▓.▓.
▓.▓.▓
▓.▓.▓
▓.▓.
▓.▓.▓
▓.▓.▓
▓.▓.
▓.▓.▓
▓.▓.▓
▓.▓†
▓.▓.▓
▓.▓(▓
▓.▓)
▓.▓s▓
▓.▓C▓
▓.▓†
▓.▓°▓
▓.▓T▓
▓.▓.
▓.▓@▓
▓.▓)▓
▓.▓.
▓.▓s▓
▓.▓$▓
▓.▓.
▓.▓s▓
▓.▓$▓
▓.▓.
▓.▓s▓
▓.▓$▓
▓.▓.
▓.▓.▓
▓.▓∩▓
▓.▓.
▓.▓.▓
▓.▓
▓.▓†
▓.▓s▓
▓.▓
▓.▓.
▓.▓.▓
▓.▓
▓.▓.
▓.▓
▓.▓
▓Y▓.▓[


You could see an emperor scorpion, 2 wolf spiders, a jumping spider and a
tarantella (wandering).

Vanquished Creatures
  An ettin (D)
  An ogre mage (D)
  A deep troll (D)
  2 black mambas (D)
  2 elephants (D)
  3 cane toads (D)
  3 rime drakes (D)
  2 trolls (D)
  A hippogriff (D)
  A yak (D)
  2 redbacks (D)
  A basilisk (D)
  A soldier ant (D)
  2 water moccasins (D)
  An acid dragon (D)
  An orc warrior (D)
  An ice beast (D)
  A necrophage (D)
  A phantom (D)
  3 crocodiles (D)
  3 bullfrogs (D)
  A scorpion (D)
  A killer bee (D)
  A hound (D)
  An iguana (D)
  A worker ant (D)
  A shadow imp (D)
  An adder skeleton (D)
  A worm (D)
  A bat zombie (D)
  A giant cockroach (D)
  A goblin (D)
  A hobgoblin (D)
  A jackal (D)
  2 rats (D)
49 creatures vanquished.

Notes
Turn   | Place    | Note
-------+----------+-------------------------------------------
     0 | D        | sahdkjhfkaj the Felid Conjurer began the quest for the Orb.
     0 | D        | Reached XP level 1. HP: 7/7 MP: 4/4
     7 | D        | Reached skill level 3 in Dodging
    81 | D        | Noticed a scorpion
    81 | D        | Noticed an iguana
    98 | D        | Killed an iguana
    98 | D        | Reached skill level 4 in Dodging
    98 | D        | Reached skill level 5 in Conjurations
    98 | D        | Reached XP level 2. HP: 11/11 MP: 0/7
    98 | D        | Reached XP level 3. HP: 14/14 MP: 0/8
   384 | D        | Learned a level 2 spell: Searing Ray
   390 | D        | Killed a scorpion
   390 | D        | Reached skill level 6 in Dodging
   390 | D        | Reached XP level 4. HP: 18/18 MP: 4/11
   460 | D        | Found a roughly hewn altar of Beogh.
   460 | D        | Found a snail-covered altar of Cheibriados.
   460 | D        | Found a shadowy altar of Dithmenos.
   460 | D        | Found a white marble altar of Elyvilon.
   460 | D        | Found a blossoming altar of Fedhas.
   460 | D        | Found an opulent altar of Gozag.
   461 | D        | Found a hazy altar of Hepliaklqana.
   462 | D        | Found a viscous altar of Jiyva.
   463 | D        | Found an ancient bone altar of Kikubaaqudgha.
   464 | D        | Found a corrupted altar of Lugonu.
   465 | D        | Found a burning altar of Makhleb.
   466 | D        | Found a sparkling altar of Nemelex Xobeh.
   467 | D        | Found an iron altar of Okawaru.
   468 | D        | Found a stormy altar of Qazlal.
   469 | D        | Found a sacrificial altar of Ru.
   470 | D        | Found a shimmering blue altar of Sif Muna.
   471 | D        | Found a bloodstained altar of Trog.
   472 | D        | Found a hide-covered altar of Uskayaw.
   473 | D        | Found a radiant altar of Vehumet.
   474 | D        | Found an ornate altar of the Wu Jian Council.
   475 | D        | Found a shimmering altar of Xom.
   476 | D        | Found a basalt altar of Yredelemnul.
   477 | D        | Found a glowing silver altar of Zin.
   478 | D        | Found a glowing golden altar of the Shining One.
   493 | D        | Became a worshipper of Kikubaaqudgha
   527 | D        | Noticed a phantom
   527 | D        | Noticed a necrophage
   527 | D        | Noticed an ice beast
   534 | D        | Killed a necrophage
   534 | D        | Reached * piety under Kikubaaqudgha
   534 | D        | Identified Kikubaaqudgha's Papyrus of Necromancy
                  | (Kikubaaqudgha gifted it to you in the Dungeon)
   534 | D        | Received a gift from Kikubaaqudgha
   534 | D        | Reached skill level 8 in Dodging
   534 | D        | Reached skill level 5 in Spellcasting
   534 | D        | Reached XP level 5. HP: 9/21 MP: 4/14
   536 | D        | Killed an ice beast
   536 | D        | Gained mutation: You are covered in thick fur. (AC +2)
                  | [Felid growth]
   536 | D        | Reached XP level 6. HP: 11/24 MP: 2/16
   678 | D        | Reached skill level 9 in Dodging
   759 | D        | Learned a level 3 spell: Vampiric Draining
   761 | D        | Reached ** piety under Kikubaaqudgha
   761 | D        | Reached skill level 10 in Conjurations
   761 | D        | Reached skill level 1 in Necromancy
   787 | D        | Noticed an acid dragon
   787 | D        | Noticed an orc warrior
   787 | D        | Noticed a soldier ant
   787 | D        | Noticed a hippogriff
   791 | D        | Killed a hippogriff
   791 | D        | Reached skill level 11 in Dodging
   791 | D        | Reached XP level 7. HP: 27/27 MP: 13/19
   794 | D        | Reached *** piety under Kikubaaqudgha
   794 | D        | Identified Kikubaaqudgha's Handbook of Black Rituals
                  | (Kikubaaqudgha gifted it to you in the Dungeon)
   794 | D        | Received a gift from Kikubaaqudgha
   798 | D        | Reached skill level 12 in Dodging
   798 | D        | Reached skill level 5 in Necromancy
   806 | D        | Learned a level 5 spell: Borgnjor's Vile Clutch
   811 | D        | Learned a level 4 spell: Dispel Undead
   997 | D        | Noticed a cane toad
   997 | D        | Noticed a cane toad
   997 | D        | Noticed a black mamba
  1000 | D        | Reached XP level 8. HP: 31/31 MP: 13/21
  1001 | D        | Reached **** piety under Kikubaaqudgha
  1001 | D        | Killed a cane toad
  1001 | D        | Reached skill level 13 in Dodging
  1002 | D        | Killed a black mamba
  1002 | D        | Killed a cane toad
  1002 | D        | Reached skill level 14 in Dodging
  1002 | D        | Reached skill level 10 in Spellcasting
  1002 | D        | Reached XP level 9. HP: 34/34 MP: 12/24
  1004 | D        | Reached ***** piety under Kikubaaqudgha
  1006 | D        | Noticed a black mamba
  1011 | D        | Killed a black mamba
  1011 | D        | Reached skill level 15 in Dodging
  1142 | D        | Noticed a rime drake
  1142 | D        | Noticed a rime drake
  1142 | D        | Noticed a cane toad
  1145 | D        | Killed a rime drake
  1146 | D        | Killed a cane toad
  1146 | D        | Reached skill level 16 in Dodging
  1147 | D        | Killed a rime drake
  1319 | D        | Noticed a rime drake
  1350 | D        | Killed a rime drake
  1350 | D        | Reached ****** piety under Kikubaaqudgha
  1350 | D        | Reached skill level 17 in Dodging
  1350 | D        | Reached XP level 10. HP: 17/37 MP: 19/27
  1521 | D        | Noticed a dire elephant
  1521 | D        | Noticed an elephant
  1521 | D        | Noticed an elephant
  1521 | D        | Noticed an elephant
  1521 | D        | Noticed a dire elephant
  1521 | D        | Noticed an elephant
  1522 | D        | Noticed an elephant
  1528 | D        | Killed an elephant
  1531 | D        | Killed an elephant
  1532 | D        | Slain by a dire elephant
  1533 | D        | Reached XP level 9. HP: -4/34 MP: 9/27
  1680 | D        | Found Heotagel's Armour Shop.
  1680 | D        | Noticed a troll
  1680 | D        | Noticed an ogre mage
  1680 | D        | Noticed a troll
  1680 | D        | Noticed an ettin
  1680 | D        | Noticed a deep troll
  1680 | D        | Noticed a troll
  1683 | D        | Killed a troll
  1683 | D        | Reached skill level 18 in Dodging
  1683 | D        | Killed a troll
  1684 | D        | Killed an ogre mage
  1685 | D        | Noticed a stone giant
  1692 | D        | Killed an ettin
  1692 | D        | Reached skill level 19 in Dodging
  1692 | D        | Reached XP level 10. HP: 32/37 MP: 11/29
  1693 | D        | Killed a deep troll
  1787 | D        | Slain by a stone giant
  1788 | D        | Reached XP level 9. HP: -4/34 MP: 19/28
  1943 | D        | Noticed a jumping spider
  1943 | D        | Noticed a jumping spider
  1943 | D        | Noticed a wolf spider
  1943 | D        | Noticed an emperor scorpion
  1950 | D        | Noticed a wolf spider
  1950 | D        | HP: 1/34 [jumping spider (11)]
  1952 | D        | Slain by a wolf spider

Illustrated notes

Levels and vault maps discovered:
D:        linesprint [early_d, line_temple, items_1, d_10, items_2, lair_1,
          lair_end, items_3, orc_1, orc_end, items_4, d_15, swamp_1, shoals_1,
          snake_1, spider_1, d_20, vaults_1, items_5, swamp_end, shoals_end,
          snake_end, spider_end, vaults_end, d_27, items_6, zot_1, zot_end,
          crypt_end, forest_end, elf_end, slime_end, tomb_end, abyss_end,
          pan_hell_end]

Skill      XL: |  1  2  3  4  5  6  7  8  9 10 |
---------------+-------------------------------+-----
Dodging        | 4 6 8 11 12 14 19 | 19.7
Conjurations   | 5 6 8 9 10 | 10.2
Spellcasting   | 3 4 5 6 7 8 10 14 13 | 14.7
Necromancy     | 3 5 8 |  8.0
Stealth        | |  2.6

Action                   |  1- 3 |  4- 6 |  7- 9 | 10-12 || total
-------------------------+-------+-------+-------+-------++-------
Melee: Unarmed           |    23 |     3 |       |       ||    26
       Bite              |     1 |     2 |       |       ||     3
 Cast: Magic Dart        |    12 |       |       |       ||    12
       Searing Ray       |     1 |     7 |    12 |     3 ||    23
       Borgnjor's Vile C |       |       |     5 |     2 ||     7
       Vampiric Draining |       |       |       |     2 ||     2
  Use: Potion            |     1 |     1 |     2 |       ||     4
       Scroll            |     1 |       |       |       ||     1
Armor: Skin              |       |     2 |       |       ||     2
Dodge: Dodged            |    25 |    16 |    44 |    12 ||    97

Table legend: (Time is in decaauts)
 A = Elapsed time spent in this place.
 B = Non-inter-level travel time spent in this place.
 C = Inter-level travel time spent in this place.
 D = Time resting spent in this place.
 E = Time spent auto-exploring this place.
 F = Levels seen in this place.
 G = Mean time per level.
                   A        B        C        D        E       F      G
               +--------+--------+--------+--------+--------+-----+--------+
         Total |   1838 |   1838 |      0 |    783 |    405 |   1 | 1838.0 |
       Dungeon |   1838 |   1838 |      0 |    783 |    405 |   1 | 1838.0 |
               +--------+--------+--------+--------+--------+-----+--------+

Top non-repeatable levels by time:
       D: 1838 daAuts
